 Dungeon Crawl Stone Soup version 0.25-a0-378-gd2ca0b7745 (console) character file.

Game seed: 2526553174815424548, levelgen mode: deterministic

1848 Kagalorn the Covert (level 9, -3/70 HPs)
             Began as a Naga Arcane Marksman on Jan 7, 2020.
             Slain by an ogre
             ... wielding a +0 giant spiked club
              (20 damage)
             ... on level 6 of the Dungeon.
             The game lasted 00:27:01 (7386 turns).

Kagalorn the Covert (Naga Arcane Marksman)          Turns: 7386, Time: 00:27:01

Health: -3/70      AC:  8    Str: 15    XL:     9   Next: 12%
Magic:  10/10      EV:  1    Int: 15    God:
Gold:   278        SH:  0    Dex: -6 (11) Spells: 8/10 levels left

rFire    . . .     SeeInvis +   a - +0 shortbow
rCold    . . .     Gourm    .   (shield currently unavailable)
rNeg     . . .     Faith    .   e - +0 chain mail
rPois    +         Spirit   .   w - +0 helmet (curse)
rElec    .         Reflect  +   (no cloak)
rCorr    .         Harm     .   (no gloves)
MR       +....                  (no barding)
Stlth    ..........             h - +3 amulet of reflection
HPRegen  0.21/turn              (no ring)
MPRegen  0.12/turn              (no ring)

@: starving, slowed, lost dexterity, drained, very slow
A: large, see invisible, deformed body, poison resistance, slowness 2, slow
metabolism 1, spit poison 1, AC +3
a: Spit Poison


You were on level 6 of the Dungeon.
You were starving.

You visited 1 branch of the dungeon, and saw 6 of its levels.
You also visited: Ossuary.

You collected 278 gold pieces.

Inventory:

Hand Weapons
 a - a +0 shortbow (weapon)
 b - a +5 hand axe
 x - a +1 hand crossbow
 y - a +3 battleaxe of freezing
Missiles
 d - 71 bolts
 p - 52 arrows (quivered)
 q - 11 curare-tipped darts
 u - a throwing net
Armour
 e - a +0 chain mail (worn)
 w - a cursed +0 helmet (worn)
Jewellery
 h - a +3 amulet of reflection (around neck)
 s - an uncursed ring of fire
 B - an uncursed ring of fire
 G - an uncursed ring of fire
 I - a cursed ring of attention {unknown}
Scrolls
 c - 2 scrolls of enchant weapon
 g - 2 scrolls of amnesia {unknown}
 i - 5 scrolls of enchant armour
 j - a scroll of fog
 o - 11 scrolls of identify
 t - 3 scrolls of remove curse
 z - a scroll of noise {unknown}
 A - 2 scrolls of teleportation
 C - 3 scrolls of random uselessness {unknown}
Potions
 k - a potion of haste {unknown}
 l - 3 potions of heal wounds
 m - 3 potions of brilliance
 n - a potion of degeneration {unknown}
 r - 7 potions of curing {unknown}
 v - a potion of resistance
 D - 2 potions of flight {unknown}
 E - a potion of cancellation {unknown}
 H - a potion of lignification
Comestibles
 f - 8 rations


   Skills:
 * Level 1.5(0.4) Fighting
 * Level 0.6(0.0) Axes
 + Level 8.4(7.2) Bows
 - Level 1.7(0.7) Crossbows
 - Level 1.5(0.5) Dodging
 - Level 10.1(8.7) Stealth
 - Level 1.0(0.0) Spellcasting
 - Level 3.0(1.9) Hexes


You had 8 spell levels left.
You knew the following spells:

 Your Spells              Type           Power        Failure   Level  Hunger
a - Corona                Hex            #......      97%         1    ##.....
b - Confusing Touch       Hex            #.....       97%         1    ##.....

Your spell library contained the following spells:

 Spells                   Type           Power        Failure   Level  Hunger
 Slow                     Hex            #.......     99%         2    ###....
 Beastly Appendage        Tmut           #.....       100%        1    ##.....
 Sticks to Snakes         Tmut           #.......     100%        2    ###....
 Confuse                  Hex            #.......     100%        3    ####...
 Gell's Gravitas          Tloc           #.........   100%        3    ####...
 Inner Flame              Hex/Fire       #.......     100%        3    ####...
 Portal Projectile        Hex/Tloc       #.....       100%        3    ####...
 Spider Form              Tmut/Pois      #.........   100%        3    ####...
 Cause Fear               Hex            #.........   100%        4    #####..
 Ice Form                 Ice/Tmut       #.......     100%        4    #####..
 Leda's Liquefaction      Hex/Erth       #.........   100%        4    #####..
 Petrify                  Tmut/Erth      #.......     100%        4    #####..
 Blade Hands              Tmut           #.........   100%        5    ######.
 Metabolic Englaciation   Hex/Ice        #.........   100%        5    ######.
 Yara's Violent Unravell  Hex/Tmut       #.........   100%        5    ######.


Dungeon Overview and Level Annotations

Branches:
Dungeon (6/15)            Ossuary (visited)
 Temple: D:4-7

Altars:
Makhleb
Sif Muna
Zin

Annotations:
D:5 exclusion: 2 ogres


Innate Abilities, Weirdness & Mutations

You cannot wear boots.
Your serpentine skin is tough. (AC +3)
You have supernaturally acute eyesight. (SInv)
Armour fits poorly on your strangely shaped body.
Your system is resistant to poisons. (rPois)
You cover ground very slowly.
You have a slow metabolism.
You can spit poison.


Message History

You shoot an arrow. The arrow barely misses the ogre.
The ogre completely misses you.
Firing (i - inventory. (/) - cycle)
p - 55 arrows (quivered)
Press: ? - help, Shift-Dir - straight line, f/p - ogre
Aim: an ogre, wielding a +0 giant spiked club (moderately wounded)
You shoot an arrow. The arrow barely misses the ogre.
The ogre hits you with a +0 giant spiked club!
Firing (i - inventory. (/) - cycle)
p - 54 arrows (quivered)
Press: ? - help, Shift-Dir - straight line, f/p - ogre
Aim: an ogre, wielding a +0 giant spiked club (moderately wounded)
You shoot an arrow. The arrow hits the ogre.
The ogre is moderately wounded.
The ogre hits you with a +0 giant spiked club!
* * * LOW HITPOINT WARNING * * *
Firing (i - inventory. (/) - cycle)
p - 53 arrows (quivered)
Press: ? - help, Shift-Dir - straight line, f/p - ogre
Aim: an ogre, wielding a +0 giant spiked club (moderately wounded)
You shoot an arrow. The arrow barely misses the ogre.
The ogre hits you with a +0 giant spiked club!!
You die...

...((...#####..................
.....(..................###....
....................#....##....
.......([.........#.##...##....
..............(...#.##...##....
........#..............>..(...#
........#.....(...#.####.#.##.#
........#.....O...#.# #.#.##.#
.########.....@.....# ###.....
#.........### #.####
#)......<.#### #.####
#............# #.....
#............# ######
#............# #............#
#..........[.# ######.......#


You could see an ogre.

Vanquished Creatures
  2 centaurs
  Blork the orc (D:4)
  A big kobold (D:5)
  A scorpion (D:4)
  4 wights
  A howler monkey (D:6)
  2 crimson imps (D:6)
  3 hounds
  A bullfrog zombie (Ossuary)
  2 centaur zombies (Ossuary)
  A quasit (D:5)
  2 orc priests
  2 bullfrog skeletons (D:4)
  A jelly (D:6)
  2 iguanas (D:5)
  4 orc wizards
  6 worker ants
  A hound zombie (Ossuary)
  12 mummies (Ossuary)
  A hound skeleton (D:6)
  A howler monkey zombie (Ossuary)
  3 worker ant zombies (Ossuary)
  4 gnolls (D:4)
  9 adders
  A shadow imp (D:5)
  3 adder zombies (Ossuary)
  3 worms (D:2)
  5 dart slugs
  2 leopard geckos (D:4)
  17 orcs
  2 giant cockroaches
  3 goblins
  3 hobgoblins
  4 jackals (D:6)
  7 kobolds
  4 quokkas
  2 ball pythons
  8 bats
  6 frilled lizards
  2 giant cockroach zombies (Ossuary)
  3 leopard gecko zombies
  A quokka zombie (Ossuary)
  7 rats
150 creatures vanquished.

Vanquished Creatures (others)
  2 withered plants (Ossuary)
2 creatures vanquished.

Grand Total: 152 creatures vanquished

Notes
Turn   | Place    | Note
-------+----------+-------------------------------------------
     0 | D:1      | Kagalorn the Naga Arcane Marksman began the quest for the
                  | Orb.
     0 | D:1      | Reached XP level 1. HP: 18/18 MP: 2/2
   149 | D:1      | Reached skill level 1 in Stealth
   164 | D:1      | Reached skill level 2 in Stealth
   235 | D:1      | Reached XP level 2. HP: 19/25 MP: 3/3
   556 | D:1      | Reached skill level 3 in Stealth
   794 | D:2      | Reached skill level 4 in Stealth
   826 | D:2      | Reached XP level 3. HP: 14/31 MP: 4/4
  1049 | D:2      | Learned a level 1 spell: Confusing Touch
  1060 | D:2      | Reached skill level 5 in Stealth
  1158 | D:2      | Found a faded altar of an unknown god.
  1272 | D:2      | Reached XP level 4. HP: 37/38 MP: 5/5
  1520 | D:2      | Reached skill level 6 in Stealth
  2429 | D:3      | Reached skill level 7 in Stealth
  2598 | D:3      | Reached XP level 5. HP: 37/44 MP: 6/6
  2723 | D:4      | Noticed Blork the orc
  2752 | D:4      | Found a sand-covered staircase.
  2776 | D:4      | Reached skill level 8 in Stealth
  2798 | Ossuary  | Entered an ossuary
  2927 | Ossuary  | Reached skill level 9 in Stealth
  2927 | Ossuary  | Reached XP level 6. HP: 24/51 MP: 7/7
  3135 | Ossuary  | Reached skill level 10 in Stealth
  3208 | Ossuary  | Reached skill level 1 in Bows
  3228 | Ossuary  | Reached XP level 7. HP: 44/57 MP: 8/8
  4100 | D:4      | Killed Blork the orc
  4539 | D:4      | Reached skill level 5 in Bows
  4539 | D:4      | Reached XP level 8. HP: 34/64 MP: 9/9
  4659 | D:4      | Found a shimmering blue altar of Sif Muna.
  4850 | D:5      | Entered Level 5 of the Dungeon
  5323 | D:5      | Found a burning altar of Makhleb.
  5323 | D:5      | Found a glowing silver altar of Zin.
  5324 | D:5      | Noticed an angel
  5324 | D:5      | Noticed a blizzard demon
  6810 | D:6      | Reached XP level 9. HP: 64/70 MP: 10/10
  7191 | D:5      | Lost dexterity.
  7386 | D:6      | Slain by an ogre

Levels and vault maps discovered:
D:1:      dpeg_arrival_line_fractal, layout_loops_cross
D:2:      layout_loops_ring, first_ration, chequers_ecumenical_altar_grove,
          grunt_ministairs_5, chequers_serial_rivers_marsh
D:3:      layout_basic
D:4:      layout_basic, kennysheep_little_box,
          nicolae_ossuary_entry_false_entrances, uniq_blork_the_orc
D:5:      minmay_chambers_of_threes, layout_basic,
          grunt_temple_overflow_order_and_chaos_2, lemuel_flamethrower_1
D:6:      layout_basic, minmay_a_box_with_orc_wizards_in_it,
          uniq_crazy_yiuf_cottage

Skill      XL: |  1  2  3  4  5  6  7  8 |
---------------+-------------------------+-----
Stealth        | 2 4 5 7 9 10 | 10.1
Bows           | 1 5 8 |  8.4
Fighting       | |  1.5
Axes           | |  0.6
Crossbows      | |  1.7
Dodging        | |  1.5
Spellcasting   | |  1.0
Hexes          | |  3.0

Action                   |  1- 3 |  4- 6 |  7- 9 || total
-------------------------+-------+-------+-------++-------
Melee: Unarmed           |    14 |     7 |       ||    21
       Hand axe          |       |    60 |   184 ||   244
 Fire: Hand crossbow     |    15 |    91 |    78 ||   184
       Shortbow          |       |       |   296 ||   296
Throw: Dart              |       |       |     1 ||     1
 Abil: Spit Poison       |    27 |    29 |    33 ||    89
  Use: Potion            |     1 |     1 |     3 ||     5
       Scroll            |     1 |     8 |       ||     9
 Stab: Sleeping          |       |     1 |     5 ||     6
  Eat: Chunk             |     1 |     7 |     8 ||    16
       Ration            |       |       |     1 ||     1
Armor: Robe              |     6 |       |       ||     6
       Skin              |    15 |       |     8 ||    23
       Ring mail         |       |    30 |       ||    30
       Scale mail        |       |    25 |   155 ||   180
       Chain mail        |       |       |   260 ||   260
Dodge: Dodged            |    12 |    48 |   172 ||   232
Block: Other             |     1 |    22 |    63 ||    86
       Reflection        |       |       |     1 ||     1

Table legend:
 A = Non-vault XP
 B = Vault XP
 C = Vault XP percentage of total XP
 D = Non-vault monster count
 E = Vault monster count
 F = Vault count percentage of total count
                 A         B        C        D         E       F
            +---------+---------+-------+---------+---------+-------
      Total |    1774 |     867 |  32.8 |     115 |      35 |  23.3
            +---------+---------+-------+---------+---------+-------
        D:1 |      14 |       0 |   0.0 |       8 |       0 |   0.0
        D:2 |      77 |      19 |  19.8 |      17 |       2 |  10.5
        D:3 |     101 |       0 |   0.0 |      26 |       0 |   0.0
        D:4 |     365 |     100 |  21.5 |      25 |       1 |   3.8
        D:5 |     704 |      23 |   3.2 |      21 |       1 |   4.5
        D:6 |     513 |     124 |  19.5 |      18 |       3 |  14.3
    Ossuary |       0 |     601 | 100.0 |       0 |      28 | 100.0
            +---------+---------+-------+---------+---------+-------
